 Dungeon Crawl Stone Soup version 0.25-a0-942-g87a53962fc (webtiles) character file.

Game seed: 4361495153623499253, levelgen mode: deterministic

21733 EnegeticOcto the Fighter (level 12, 47/115 HPs)
             Began as a Minotaur Fighter on May 7, 2020.
             Was an Initiate of Gozag.
             Quit the game on level 4 of the Lair of Beasts.
             The game lasted 00:09:55 (16892 turns).

EnegeticOcto the Fighter (Minotaur Fighter)        Turns: 16892, Time: 00:09:55

Health: 47/115     AC: 21    Str: 27    XL:     12   Next: 56%
Magic:  14/14      EV: 10    Int:  5    God:    Gozag
Gold:   1949       SH: 12    Dex:  9    Spells: 11/11 levels left

rFire    . . .     SeeInvis +   a - +1 broad axe (venom)
rCold    . . .     Gourm    .   c - +0 kite shield
rNeg     . . .     Faith    .   m - +0 plate armour
rPois    .         Spirit   .   D - +1 hat {SInv}
rElec    +         Reflect  .   l - +0 cloak
rCorr    .         Harm     .   F - +0 pair of gloves (curse)
MR       .....                  i - +2 pair of boots {Stlth+}
Stlth    ..........             (no amulet)
HPRegen  0.29/turn              A - ring "Ajokek" {Wiz rElec}
MPRegen  0.14/turn              (no ring)

@: marked, gold aura
A: retaliatory headbutt, horns 2
a: Potion Petition, Call Merchant, Bribe Branch, Renounce Religion


You were on level 4 of the Lair of Beasts.
You worshipped Gozag.
Gozag was most pleased with you.
You were not hungry.

You visited 3 branches of the dungeon, and saw 16 of its levels.
You also visited: Ossuary.

You collected 2718 gold pieces.
You spent 177 gold pieces at shops.
You paid 592 gold pieces to Gozag.

Inventory:

Hand Weapons
 a - a +1 broad axe of venom (weapon)
Missiles
 u - 2 throwing nets (quivered)
Armour
 c - a +0 kite shield (worn)
 i - a +2 pair of boots of stealth (worn)
 l - a +0 cloak (worn)
 m - a +0 plate armour (worn)
 t - a +1 pair of gloves
 D - a +1 hat of see invisible (worn)
 F - a cursed +0 pair of gloves (worn)
Jewellery
 v - an uncursed ring of ice
 A - the ring "Ajokek" (left hand) {Wiz rElec}
   (You found it on level 2 of the Lair of Beasts)

   [ring of wizardry]

   It improves your spell success rate.
   It insulates you from electricity.
Wands
 o - a wand of polymorph (8)
 p - a wand of scattershot (3)
 y - a wand of iceblast (18)
 B - a wand of flame (21) {@v3}
Scrolls
 d - 11 scrolls of teleportation {@r2}
 h - 2 scrolls of identify {@r1}
 q - 4 scrolls of fear
 s - 3 scrolls of immolation {@r4}
 x - a scroll of blinking {@r3}
 E - a scroll of magic mapping {@r5}
Potions
 b - 3 potions of mutation
 f - a potion of magic
 g - 7 potions of curing {@q1}
 j - 4 potions of stabbing {@q5}
 k - 2 potions of might {@q3}
 n - 2 potions of haste {@q4}
 r - 6 potions of cancellation
 w - a potion of invisibility
 z - 2 potions of flight
Comestibles
 e - 20 rations


   Skills:
 * Level 13.3 Fighting
 * Level 13.0 Axes
 + Level 10.0 Armour
 + Level 8.5 Dodging
 + Level 10.2 Shields
 * Level 4.2 Evocations


You had 11 spell levels left.
You didn't know any spells.
Your spell library contained the following spells:

 Spells                   Type           Power        Failure   Level  Hunger
 Shock                    Conj/Air       #...         96%         1    ##.....
 Swiftness                Chrm/Air       #.......     99%         2    ###....
 Static Discharge         Conj/Air       #.......     100%        3    ####...
 Airstrike                Air            #.........   100%        4    #####..
 Lightning Bolt           Conj/Air       #.........   100%        5    ######.


Dungeon Overview and Level Annotations

Branches:
Dungeon (11/15)            Temple (1/1) D:5            Lair (4/6) D:9
 Shoals (0/4) Lair:3      Ossuary (visited)
  Snake: Lair:2-4    Spider: Lair:2-4       Orc: D:9-12

Altars:
Ashenzari
Cheibriados
Dithmenos
Elyvilon
Fedhas
Gozag
Kikubaaqudgha
Makhleb
Nemelex Xobeh
Okawaru
Qazlal
Trog
Wu Jian
Xom
Yredelemnul
The Shining One

Shops:
D:8 }   D:10 (

Annotations:
D:3 2 exclusions
D:11 1 transporter, Flugslaktarn's ghost, journeyman MiFi
Lair:1 2 transporters, coffeespoons's ghost, journeyman TrMo
Lair:2 3 runed translucent doors, Flugslaktarn's ghost, journeyman MiFi
Lair:4 3 runed translucent doors, Libuhoy's ghost, journeyman DEFE


Innate Abilities, Weirdness & Mutations

You reflexively headbutt those who attack you in melee.
You have a pair of horns on your head.


Message History

The jumping spider pounces on you but does no damage.
The jumping spider barely misses you.
You struggle to detach yourself from the web.
The ice encasing you melts away.
You kill the jumping spider!
The bullfrog is no longer distracted by gold.
The jumping spider becomes distracted by the nearby gold, dreaming of imaginary riches.
The jumping spider pounces on you but does no damage.
The jumping spider bites you.
A five-headed hydra comes into view.
The jumping spider pounces on you but does no damage.
The jumping spider barely misses you.
The jumping spider hisses angrily.
You struggle to detach yourself from the web.
The jumping spider is no longer distracted by gold.
The bullfrog is no longer distracted by gold.
The spiny frog is no longer distracted by gold.
The jumping spider pounces on you.
You are even more entangled.
The jumping spider bites you. The rime drake breathes ice at you.
The flash freeze hits you!!
You are encased in ice.
The spiny frog stings you.
The jumping spider pounces on you but does no damage.
The jumping spider bites you but does no damage.
The spiny frog becomes distracted by the nearby gold, dreaming of imaginary riches.
You are too injured to fight recklessly!
You are too injured to fight recklessly!
You are too injured to fight recklessly!
You are too injured to fight recklessly!
You are too injured to fight recklessly!
You are too injured to fight recklessly!
You are too injured to fight recklessly!
You are too injured to fight recklessly!
You are too injured to fight recklessly!
You are too injured to fight recklessly!
You are too injured to fight recklessly!
You are too injured to fight recklessly!
You are too injured to fight recklessly!
You are too injured to fight recklessly!
You are too injured to fight recklessly!
You are too injured to fight recklessly!
You are too injured to fight recklessly!
You are too injured to fight recklessly!
The web tears apart.
The jumping spider pounces on you but does no damage.
The jumping spider bites you but does no damage.
You block the jumping spider's attack. The jumping spider closely misses you.
You block the rime drake's attack.
The spiny frog stings you but does no damage.
The jumping spider pounces on you but does no damage.
The jumping spider bites you but does no damage.
The jumping spider barely misses you. You furiously retaliate!
You headbutt the jumping spider!
The jumping spider bites you but does no damage.
The rime drake closely misses you.
You are too injured to fight recklessly!
You are too injured to fight recklessly!
You are too injured to fight recklessly!
You are too injured to fight recklessly!
You are too injured to fight recklessly!
You are too injured to fight recklessly!
You are too injured to fight recklessly!
You are too injured to fight recklessly!
You are too injured to fight recklessly!
You are too injured to fight recklessly!
You are too injured to fight recklessly!
The spiny frog croaks.
You slash the jumping spider!
The jumping spider is poisoned.
You headbutt the jumping spider, but do no damage.
The jumping spider is severely wounded.
You hit the rime drake but do no damage.
The rime drake is poisoned.
You hit the jumping spider.
The jumping spider is poisoned.
You slash the spiny frog!
The spiny frog becomes distracted by the nearby gold, dreaming of imaginary riches.
A water moccasin comes into view.
The jumping spider leaps!
You block the jumping spider's attack.
The jumping spider bites you but does no damage.
The spiny frog becomes distracted by the nearby gold, dreaming of imaginary riches.
The rime drake bites you but does no damage.
The spiny frog gives a loud, deep croak!
You are too injured to fight recklessly!
You are too injured to fight recklessly!
You are too injured to fight recklessly!
You are too injured to fight recklessly!
You are too injured to fight recklessly!
You are too injured to fight recklessly!
You are too injured to fight recklessly!
You closely miss the jumping spider.
The jumping spider is severely wounded.
You closely miss the rime drake. You completely miss the spiny frog.
The spiny frog is no longer distracted by gold.
The ice encasing you melts away.
The spiny frog is no longer distracted by gold.
The jumping spider leaps!
You block the jumping spider's attack. x2
The spiny frog stings you. The rime drake barely misses you.
You furiously retaliate!
You headbutt the rime drake!
Are you sure you want to abandon this character and quit the game? (Confirm with "yes".)
Okay, then.
Are you sure you want to abandon this character and quit the game? (Confirm with "yes".)

......#.......#......#
......#....FlH#.....# ##
......#...FFWF#....##..#
....#.###+++###....P#..#
$
....#..................
.....#........$.D!.P#
....#......##S.....##
....##.....##..$sk.##
....#.#+####...F@...#
....#....# ##..°...#..#
.........# ###....# #.#
.........# ##.s... .
.........# ###.....
..........# .○.....
..........# ##.##.#
...........# #. .
......#.##.# ..


You could see a five-headed hydra, a manticore, a komodo dragon, 3 spiny frogs,
a rime drake, 2 jumping spiders, a water moccasin, 2 bullfrogs and Libuhoy's
ghost.

Vanquished Creatures
  Gastronok (Lair:3)
  2 hydras
  A two-headed ogre (D:8)
  Pikel (D:5)
  Joseph (D:8)
  Maurice (D:8)
  7 spiny frogs
  3 komodo dragons
  A queen bee (Lair:3)
  A hornet (D:9)
  A jumping spider (Lair:4)
  3 trolls
  4 hippogriffs
  A vampire (D:11)
  24 yaks
  A basilisk (Lair:3)
  Grum (D:9)
  A hungry ghost (D:7)
  Menkaure (D:5)
  9 water moccasins
  2 sky beasts
  8 porcupines
  2 black bears
  4 orc warriors
  An ice beast (D:9)
  2 centaurs
  5 ogres
  7 wolves
  5 phantoms
  2 crocodiles
  13 bullfrogs
  A big kobold (D:9)
  3 scorpions
  30 killer bees
  3 wights (D:9)
  A howler monkey (D:6)
  An electric eel (Lair:1)
  4 crimson imps
  2 human zombies (Ossuary)
  2 bullfrog zombies
  5 orc priests
  A centaur skeleton (D:4)
  3 centaur zombies
  6 hounds
  3 jellies
  9 orc wizards
  5 iguanas
  3 worker ants
  A big kobold zombie (Ossuary)
  2 mummies (Ossuary)
  2 hound skeletons
  A worker ant zombie (D:10)
  8 gnolls (D:7)
  5 adders
  2 shadow imps
  An adder zombie (Ossuary)
  3 worms
  4 dart slugs
  5 leopard geckos
  37 orcs
  2 ball pythons
  8 bats
  2 giant cockroaches
  8 goblins
  5 hobgoblins
  4 jackals (D:3)
  3 quokkas
  5 frilled lizards
  A goblin zombie (Ossuary)
  10 hobgoblin zombies (Ossuary)
  A jackal zombie (Ossuary)
  8 kobolds
  7 kobold zombies (Ossuary)
  A leopard gecko zombie (D:7)
  11 orc zombies (Ossuary)
  5 rats
  A rat zombie (Ossuary)
  3 fungi (Lair:2)
354 creatures vanquished.

Vanquished Creatures (others)
  A fungus (Lair:3)
1 creature vanquished.

Grand Total: 355 creatures vanquished

Notes
Turn   | Place    | Note
-------+----------+-------------------------------------------
     0 | D:1      | EnegeticOcto the Minotaur Fighter began the quest for the
                  | Orb.
     0 | D:1      | Reached XP level 1. HP: 19/19 MP: 0/0
   216 | D:1      | Reached XP level 2. HP: 27/27 MP: 1/1
  1384 | D:2      | Reached skill level 1 in Dodging
  1384 | D:2      | Reached XP level 3. HP: 34/34 MP: 2/2
  1387 | D:2      | Reached XP level 4. HP: 41/41 MP: 3/3
  1508 | D:2      | Found a stormy altar of Qazlal.
  1509 | D:2      | Noticed a fire elemental
  1510 | D:2      | Noticed an air elemental
  1572 | D:2      | Found a blossoming altar of Fedhas.
  1647 | D:2      | Noticed an earth elemental
  1648 | D:2      | Noticed a water elemental
  2284 | D:3      | Reached XP level 5. HP: 47/47 MP: 4/4
  2462 | D:4      | Found a shadowy altar of Dithmenos.
  2476 | D:4      | Reached skill level 5 in Fighting
  2541 | D:4      | Noticed an ogre
  2551 | D:4      | Killed an ogre
  2553 | D:4      | Noticed an ogre
  2558 | D:4      | Reached XP level 6. HP: 13/56 MP: 5/5
  2833 | D:4      | Found a sand-covered staircase.
  2838 | Ossuary  | Entered an ossuary
  2965 | Ossuary  | Reached skill level 5 in Axes
  2988 | Ossuary  | Reached skill level 5 in Shields
  3239 | D:4      | Reached XP level 7. HP: 63/63 MP: 6/6
  3351 | D:4      | Reached skill level 5 in Armour
  3722 | D:5      | Entered Level 5 of the Dungeon
  3885 | D:5      | Found a basalt altar of Yredelemnul.
  4089 | D:5      | Noticed Menkaure
  4091 | D:5      | Killed Menkaure
  4174 | D:5      | Noticed Pikel
  4194 | D:5      | Killed Pikel
  4194 | D:5      | Reached XP level 8. HP: 66/73 MP: 7/7
  4244 | D:5      | Found a glowing golden altar of the Shining One.
  4445 | D:5      | Found a staircase to the Ecumenical Temple.
  4547 | Temple   | Entered the Ecumenical Temple
  4575 | Temple   | Became a worshipper of Gozag Ym Sagoz the Greedy
  5639 | D:6      | You fall into a shaft and drop 1 floor!
  5841 | D:7      | Reached XP level 9. HP: 81/82 MP: 8/8
  6251 | D:6      | Found a snail-covered altar of Cheibriados.
  7096 | D:7      | Reached skill level 5 in Dodging
  7842 | D:8      | Noticed Maurice
  7873 | D:8      | Killed Maurice
  8106 | D:8      | Found Retheeck's Gadget Emporium.
  8126 | D:8      | Noticed a komodo dragon
  8138 | D:8      | Killed a komodo dragon
  8191 | D:8      | Noticed a two-headed ogre
  8532 | D:8      | Reached skill level 10 in Fighting
  8532 | D:8      | Reached XP level 10. HP: 93/93 MP: 9/9
  8561 | D:8      | Killed a two-headed ogre
  8710 | D:8      | Noticed Joseph
  8719 | D:8      | Killed Joseph
  8719 | D:8      | Reached skill level 10 in Axes
  9265 | D:9      | Found a staircase to the Lair.
 10100 | D:9      | Paralysed by a hornet for 2 turns
 10216 | D:9      | Noticed Grum
 10231 | D:9      | Killed Grum
 10716 | D:10     | Entered Level 10 of the Dungeon
 10801 | D:10     | Reached XP level 11. HP: 67/102 MP: 10/10
 11099 | D:10     | Found a white marble altar of Elyvilon.
 11694 | D:10     | Bought a +1 broad axe of venom for 177 gold pieces
 12067 | D:11     | Found a transporter.
 12073 | D:11     | Noticed Flugslaktarn's ghost (journeyman MiFi)
 12073 | D:11     | Noticed a centaur warrior
 12074 | D:11     | Noticed an eight-headed hydra
 12379 | Lair:1   | Entered Level 1 of the Lair of Beasts
 12835 | Lair:1   | Noticed a seven-headed hydra
 12852 | Lair:1   | Killed a nine-headed hydra
 13550 | Lair:1   | Reached skill level 1 in Evocations
 13898 | Lair:1   | Noticed coffeespoons's ghost (journeyman TrMo)
 13938 | Lair:1   | Found a transporter.
 13982 | Lair:1   | Found a transporter.
 14366 | Lair:2   | Noticed a seven-headed hydra
 14377 | Lair:2   | Killed a 13-headed hydra
 14606 | Lair:2   | Got a transparent amber ring
 14617 | Lair:2   | Reached XP level 12. HP: 113/113 MP: 12/12
 14858 | Lair:2   | Noticed Sonja
 14860 | Lair:2   | Noticed Sonja
 14860 | Lair:2   | Sonja changed into Sonja the troll
 14867 | Lair:2   | Killed Sonja the troll
 15040 | Lair:2   | You fall into a shaft and drop 2 floors!
 15543 | Lair:2   | Found a runed translucent gate.
 15543 | Lair:2   | Found a runed translucent gate.
 15543 | Lair:2   | Found a runed translucent gate.
 15543 | Lair:2   | Noticed Flugslaktarn's ghost (journeyman MiFi)
 15736 | Lair:3   | Found a staircase to the Shoals.
 15991 | Lair:3   | Noticed Gastronok
 16003 | Lair:3   | Killed Gastronok
 16003 | Lair:3   | Reached skill level 10 in Shields
 16454 | Lair:3   | Reached skill level 10 in Armour
 16737 | Lair:3   | Identified the ring "Ajokek" {Wiz rElec} (You found it on
                  | level 2 of the Lair of Beasts)
 16864 | Lair:4   | Found a runed translucent gate.
 16864 | Lair:4   | Found a runed translucent gate.
 16866 | Lair:4   | Found a runed translucent gate.
 16867 | Lair:4   | Noticed Libuhoy's ghost (journeyman DEFE)
 16887 | Lair:4   | Noticed a five-headed hydra
 16892 | Lair:4   | Quit the game

Levels and vault maps discovered:
D:1:      minmay_arrival_up_and_down, layout_basic, roderic_lattice_a
D:2:      layout_rooms, fedhas_altar_fruit_tree, first_ration, nrook_uturn,
          nicolae_qazlal_style_of_elements
D:3:      kennysheep_goblin_castle, layout_rooms
D:4:      layout_cave_pools, enter_ossuary_2, grunt_dithmenos_smoke_and_mirrors
D:5:      layout_loops_ring, overflow_temple_1_default,
          lemuel_coloured_pillars_altar, minmay_temple_entry_overgrown,
          kennysheep_generic_room_4, uniq_menkaure, uniq_pikel
D:6:      layout_loops_corners, cheibrodos_worm_habitat, minivault_26
D:7:      layout_basic, grunt_ogre_cave, st_stairs_9, minivault_23
D:8:      layout_basic, serial_shops, kennysheep_little_box, uniq_joseph,
          uniq_maurice
D:9:      layout_basic, lair_entry_dummy, uniq_grum
D:10:     layout_loops_cross, elyvilon_altar_3
D:11:     layout_cave_pools, gammafunk_ghost_arena, serial_shops, shop,
          jmf_multi_god_temple
Temple:   compressed_dpeg_circular_temple
Lair:1:   layout_roguey, gammafunk_ghost_hive, chequers_serial_rivers_small_3,
          infiniplex_staircase_pool
Lair:2:   layout_roguey, ebering_ghost_rock_garden, uniq_sonja
Lair:3:   layout_roguey [special_room_bee], shoals_dummy_entry,
          serial_bayou_shore_a, uniq_gastronok
Lair:4:   layout_regular_city, spider_nest_entry_funnel_web,
          gammafunk_ghost_split, grunt_megastairs_5

Skill      XL: |  1  2  3  4  5  6  7  8  9 10 11 12 |
---------------+-------------------------------------+-----
Fighting       | 4 5 6 7 8 10 11 12 13 | 13.3
Axes           | 3 4 5 7 9 11 12 13 | 13.0
Dodging        | 1 2 3 4 5 6 8 |  8.5
Shields        | 4 5 6 7 8 9 10 | 10.2
Armour         | 4 5 6 7 8 9 10 | 10.0
Evocations     | 2 4 |  4.2

Action                   |  1- 3 |  4- 6 |  7- 9 | 10-12 || total
-------------------------+-------+-------+-------+-------++-------
Melee: War axe           |    50 |   183 |   332 |   299 ||   864
       Headbutt          |     5 |    27 |    47 |   116 ||   195
       Broad axe         |       |       |       |   292 ||   292
Invok: Call Merchant     |       |       |       |     1 ||     1
Evoke: Wand              |       |       |     3 |     5 ||     8
  Use: Scroll            |       |     7 |     7 |    10 ||    24
       Potion            |       |       |     3 |     2 ||     5
 Stab: Distracted        |       |       |     1 |       ||     1
  Eat: Chunk             |     1 |     5 |     2 |       ||     8
       Ration            |       |     1 |     5 |     8 ||    14
Armor: Scale mail        |    29 |     5 |       |       ||    34
       Plate armour      |       |   119 |   163 |   359 ||   641
       Skin              |       |       |     1 |       ||     1
Dodge: Dodged            |    21 |    39 |    66 |   219 ||   345
Block: Kite shield       |    36 |   119 |   177 |   383 ||   715

Table legend:
 A = Non-vault XP
 B = Vault XP
 C = Vault XP percentage of total XP
 D = Non-vault monster count
 E = Vault monster count
 F = Vault count percentage of total count
                 A         B        C        D         E       F
            +---------+---------+-------+---------+---------+-------
      Total |   23952 |    7096 |  22.9 |     274 |      77 |  21.9
            +---------+---------+-------+---------+---------+-------
        D:1 |      35 |       0 |   0.0 |      21 |       0 |   0.0
        D:2 |     107 |       0 |   0.0 |      13 |       0 |   0.0
        D:3 |      61 |       0 |   0.0 |      20 |       0 |   0.0
        D:4 |     431 |       0 |   0.0 |      21 |       0 |   0.0
        D:5 |     237 |     776 |  76.6 |       9 |       2 |  18.2
        D:6 |     733 |       5 |   0.7 |      20 |       1 |   4.8
        D:7 |    1326 |     161 |  10.8 |      29 |       2 |   6.5
        D:8 |    2098 |     894 |  29.9 |      14 |       2 |  12.5
        D:9 |    2332 |     422 |  15.3 |      34 |       3 |   8.1
       D:10 |    2934 |       0 |   0.0 |      32 |       0 |   0.0
       D:11 |     596 |       0 |   0.0 |       3 |       0 |   0.0
     Lair:1 |    7323 |       0 |   0.0 |      34 |       0 |   0.0
     Lair:2 |    2481 |     286 |  10.3 |      10 |       1 |   9.1
     Lair:3 |    1864 |    3887 |  67.6 |       9 |      26 |  74.3
     Lair:4 |    1394 |     438 |  23.9 |       5 |       2 |  28.6
    Ossuary |       0 |     227 | 100.0 |       0 |      38 | 100.0
            +---------+---------+-------+---------+---------+-------
